Map: Apothéose EC

Players

BananenBaum

  • Race: Terran Terran
  • League: Diamond

Worming - Winner!

  • Race: Zerg Zerg
  • League: Diamond

VOD

Have the link to the VOD?

Description

Time

  • Played on: Aug. 15, 2016, 2:43 p.m.
  • Length: 22:44
Show
View Real Time Build Order
Export as new Build Order

BananenBaum Terran 

Build Orders: Reaper Expand, MMM Bio 

Get SALT Encoding   

  12  0:00  SCV  
  13  0:13  SCV  
  14  0:17  Supply Depot  
  14  0:25  SCV  
  15  0:38  SCV  
  15  0:40  Barracks  
  16  0:45  Refinery  
  16  0:50  SCV  
  17  1:03  SCV  
  18  1:15  SCV  
  19  1:27  Orbital Command  
  19  1:28  Reaper  
  20  1:43  Command Center  
  20  1:56  SCV  
  20  2:00  Supply Depot, Marine  
  22  2:11  Barracks  
  22  2:13  Refinery, SCV  
  23  2:18  Barracks Reactor  
  23  2:27  Factory  
  23  2:33  SCV  
  24  2:46  SCV  
  25  2:54  Marine x2  
  25  2:58  SCV  
  28  3:00  Barracks Tech Lab  
  28  3:03  Orbital Command  
  28  3:10  SCV  
  29  3:24  Marine x2, SCV  
  29  3:25  Marine  
  29  3:26  Stimpack  
  33  3:29  Factory Reactor  
  33  3:32  Starport, SCV  
  34  3:38  SCV  
  35  3:43  Marine x2  
  35  3:44  SCV  
  35  3:47  Marine  
  39  3:50  SCV  
  40  3:56  SCV  
  40  4:01  Marine x2  
  40  4:02  SCV  
  44  4:04  Marine  
  34  4:27  Marine x3, SCV x2  
  39  4:35  Widow Mine  
  39  4:36  Medivac x2  
  45  4:39  SCV  
  45  4:41  Supply Depot  
  45  4:42  Supply Depot  
  45  4:43  Engineering Bay  
  46  4:45  SCV  
  46  4:51  SCV  
  47  4:52  Marine  
  47  4:53  Marine x2  
  47  4:57  SCV  
  51  5:01  Supply Depot  
  51  5:06  Widow Mine  
  51  5:10  Marine  
  51  5:11  Marine x2  
  56  5:21  SCV x2  
  58  5:22  Medivac x2  
  58  5:25  Terran Infantry Weapons Level 1  
  62  5:30  Supply Depot  
  62  5:33  SCV x2  
  62  5:34  Combat Shields, Marine  
  62  5:35  Marine x2  
  66  5:39  Widow Mine  
  69  5:51  SCV x2  
  69  5:52  Marine x2  
  69  5:53  Marine  
  74  5:58  Supply Depot  
  74  5:59  Supply Depot  
  74  6:17  Liberator  
  71  6:28  Marine x3  
  71  6:30  Factory Tech Lab  
  74  6:36  Command Center, Barracks  
  77  6:45  Liberator  
  77  6:46  Marine x3  
  81  7:01  Siege Tank  
  81  7:03  Marine  
  81  7:04  Marine x2  
  80  7:21  Marine x3  
  83  7:33  SCV x2  
  85  7:39  Marine x3  
  85  7:40  Siege Tank  
  91  7:45  SCV x2  
  91  7:57  Marine x3  
  94  7:58  Supply Depot  
  94  8:03  Orbital Command  
  94  8:09  Barracks  
  94  8:10  Terran Infantry Armor Level 1  
  94  8:12  Barracks  
  94  8:13  Engineering Bay  
  94  8:14  Barracks  
  94  8:15  Marine x3  
  94  8:16  Armory  
  94  8:18  Siege Tank  
  100  8:22  Barracks Tech Lab  
  100  8:27  Refinery  
  100  8:31  Refinery  
  100  8:32  Marine  
  100  8:33  Marine x2  
  103  8:50  Marine x2  
  103  8:51  Marine  
  103  9:02  Marine x4  
  101  9:04  Siege Tank  
  101  9:08  Marine x3  
  99  9:20  Marine x3  
  99  9:22  Orbital Command  
  102  9:26  Marine x2  
  102  9:28  Marauder  
  102  9:29  Marauder  
  108  9:32  Medivac x2  
  112  9:50  Marauder x2  
  112  9:51  Missile Turret  
  115  10:09  Barracks Tech Lab, Marine x2  
  115  10:10  Barracks Tech Lab  
  115  10:12  Barracks Reactor  
  112  10:16  Marine  
  112  10:17  Marine  
  112  10:18  Siege Tank  
  117  10:27  Marine  
  117  10:35  Marauder x2  
  119  10:38  Medivac  
  119  10:39  Medivac  
  122  10:49  Marauder x2  
  125  10:56  Marauder, Marine x5  
  132  11:00  Terran Infantry Weapons Level 2  
  132  11:10  Barracks x3  
  132  11:12  Supply Depot  
  132  11:14  Supply Depot x2, Marine  
  132  11:16  Refinery  
  133  11:36  Supply Depot  
  133  11:38  Supply Depot  
  133  11:43  Supply Depot  
  133  11:57  SCV x3  
  133  11:58  Liberator x2  
  134  12:02  Supply Depot  
  134  12:04  Supply Depot  
  126  12:09  SCV x3  
  126  12:11  Supply Depot  
  128  12:33  Command Center  
  115  12:43  Marine x4  
  115  12:44  Marauder x4  
  124  13:05  Marauder, Marine x4  
  126  13:06  Medivac x2  
  132  13:40  Marine x4  
  132  13:41  Marine x2  
  103  13:52  Marauder x2  
  103  13:54  Siege Tank  
  110  13:56  Concussive Shells  
  110  13:59  Marauder x2  
  110  14:02  Marine x4  
  118  14:11  Terran Infantry Weapons Level 3  
  118  14:13  Marauder x2  
  118  14:16  Terran Infantry Armor Level 2  
  122  14:20  Marauder  
  122  14:24  Planetary Fortress  
  124  14:27  Marine x3  
  124  14:28  Siege Tank  
  130  14:34  Factory  
  94  14:51  Liberator  
  94  14:52  Liberator  
  68  15:04  Marine  
  68  15:05  Marine x2  
  68  15:06  Marauder x4  
  79  15:07  Siege Tank  
  79  15:13  Barracks Tech Lab x2, Barracks Reactor  
  88  15:25  Marine x4  
  88  15:27  Marauder  
  94  15:53  SCV x3  
  97  16:05  SCV x2  
  75  16:49  Marine x3  
  75  16:50  Marine x4  
  75  16:51  Marauder x5  
  81  17:13  Marine x4  
  81  17:14  Marine x2  
  87  17:23  Orbital Command  
  87  17:26  Marine x4  
  87  17:29  Factory Tech Lab  
  79  18:00  Siege Tank x2  
  79  18:01  SCV x3  
  88  18:13  Marine  
  88  18:14  Marine x3  
  89  18:24  Marine x4  
  89  18:25  Marauder x3  
  97  18:33  Marine x3  
  97  18:34  Marine x2  
  102  18:48  Marine x6  
  89  18:49  Marine  
  89  18:51  Marine x5  
  75  19:06  Marine x7  
  75  19:09  Marine x5  
  87  19:20  SCV x3  
  87  19:23  Marine x2  
  87  19:24  Marine  
  92  19:26  Liberator  
  92  19:28  Liberator  
  92  19:31  Marine x3  
  92  19:32  SCV x3, Marine x5  
  106  19:48  Marine  
  110  20:02  Marine x3  
  110  20:03  Marine x4  
  116  20:10  Marine x3  
  116  20:11  Marauder  
  73  20:51  Marauder x6  
  85  20:57  Siege Tank  
  85  21:01  Liberator  
  88  21:09  Marine  
  88  21:10  Marine  
  90  21:12  Marauder x4  
  101  21:23  Liberator  
  99  21:36  Marine  
  99  21:37  Marine x6  
  99  21:38  Marine x3  
  109  21:46  Bunker  
  112  21:59  SCV  
  112  22:00  SCV x2  
  115  22:02  Marine x2  
  117  22:12  SCV x3  
Show
View Real Time Build Order
Export as new Build Order

Worming Zerg - Winner!

Build Orders: Hatch First 

Get SALT Encoding   

  12  0:01  Drone  
  13  0:15  Overlord  
  13  0:20  Drone  
  14  0:34  Drone x2  
  16  0:40  Drone  
  17  0:55  Hatchery  
  16  0:57  Drone  
  16  1:00  Drone  
  18  1:12  Drone  
  18  1:13  Extractor  
  18  1:21  Spawning Pool  
  18  1:22  Drone  
  18  1:38  Drone  
  19  1:51  Drone  
  20  2:08  Queen  
  20  2:09  Zergling x4  
  20  2:11  Drone  
  25  2:16  Metabolic Boost  
  25  2:17  Overlord  
  25  2:19  Drone  
  26  2:28  Queen  
  28  2:42  Zergling x6  
  28  2:44  Queen  
  31  2:51  Zergling x2  
  33  2:52  Drone x2  
  35  3:07  Overlord  
  34  3:21  Hatchery  
  33  3:32  Drone x7  
  40  3:34  Overlord  
  40  3:44  Overlord  
  40  3:46  Drone  
  40  4:13  Drone x8  
  46  4:24  Zergling x2  
  46  4:31  Drone  
  47  4:36  Lair, Evolution Chamber x2, Extractor  
  44  4:39  Drone, Extractor  
  44  4:40  Drone x2  
  44  4:42  Queen  
  44  4:44  Drone x4  
  44  4:45  Drone x3  
  55  4:54  Zergling x2  
  56  5:01  Drone  
  56  5:06  Extractor  
  56  5:09  Zerg Missile Weapons Level 1  
  56  5:16  Roach Warren  
  56  5:18  Drone x3  
  58  5:22  Drone  
  58  5:23  Drone x6  
  58  5:24  Extractor  
  58  5:27  Drone  
  65  5:29  Overlord x2  
  65  5:30  Overlord  
  65  5:31  Zerg Ground Armor Level 1  
  65  5:43  Overlord  
  65  5:46  Extractor  
  65  5:49  Drone x2  
  67  5:50  Drone x4  
  67  5:55  Glial Reconstitution  
  67  5:56  Roach x7  
  67  5:57  Roach  
  86  6:06  Overlord  
  86  6:07  Pneumatized Carapace  
  86  6:08  Overseer  
  84  6:16  Roach x4  
  84  6:17  Roach  
  90  6:23  Roach x3  
  95  6:26  Overseer  
  95  6:34  Ravager  
  95  6:38  Ravager  
  93  6:55  Roach x6  
  95  7:04  Drone x7  
  96  7:09  Queen x2  
  97  7:18  Drone  
  90  7:32  Drone x3  
  90  7:36  Spore Crawler  
  89  7:52  Zerg Missile Weapons Level 2  
  89  7:53  Drone x5  
  89  7:54  Drone x5  
  99  7:59  Hatchery  
  99  8:01  Overlord  
  99  8:02  Overlord  
  99  8:03  Overlord x2  
  97  8:11  Spine Crawler x2  
  95  8:13  Spore Crawler  
  95  8:14  Ravager  
  95  8:15  Ravager x2  
  97  8:21  Roach  
  97  8:22  Roach x5  
  109  8:29  Drone  
  109  8:32  Zergling x2  
  111  8:41  Zerg Ground Armor Level 2  
  110  8:54  Spore Crawler  
  82  9:19  Drone x2  
  82  9:20  Drone x4  
  90  9:24  Roach x7  
  90  9:25  Overlord x3  
  102  9:33  Infestation Pit  
  102  9:35  Overlord  
  102  9:37  Roach x3  
  107  9:39  Queen  
  107  9:44  Roach  
  109  9:57  Ravager  
  109  9:58  Ravager x3  
  107  10:50  Pathogen Glands  
  107  10:54  Roach  
  107  10:55  Roach x6  
  107  10:57  Roach x13  
  131  10:58  Queen x2  
  131  10:59  Queen  
  131  11:01  Extractor  
  131  11:02  Overseer  
  152  11:34  Queen  
  154  11:49  Drone x3  
  154  11:51  Drone x2, Overlord x3  
  154  11:52  Overlord x2, Extractor  
  154  11:53  Hive  
  158  11:54  Zerg Melee Weapons Level 1  
  158  11:56  Spire  
  158  11:57  Overlord x2  
  158  11:59  Infestor  
  144  12:11  Roach x6  
  154  12:18  Infestor  
  154  12:19  Infestor x3  
  166  12:22  Roach  
  166  12:23  Roach x7  
  160  12:41  Roach x8  
  176  12:49  Ravager  
  176  12:50  Ravager  
  164  13:08  Hatchery  
  163  13:16  Roach x8  
  163  13:19  Zerg Flyer Weapons Level 1, Hydralisk Den  
  178  13:20  Zerg Missile Weapons Level 3  
  156  13:48  Zerg Ground Armor Level 3  
  132  13:51  Infestor x4  
  132  13:54  Zergling x24  
  152  14:03  Drone x4  
  152  14:08  Extractor  
  155  14:10  Ravager  
  155  14:11  Ravager  
  155  14:12  Extractor  
  156  14:20  Overseer x2  
  156  14:21  Overlord x2  
  111  14:52  Roach  
  101  14:53  Roach x12  
  102  15:04  Roach x5  
  108  15:11  Drone x4  
  110  15:52  Drone x3  
  110  15:54  Roach x12, Hydralisk x3  
  143  16:00  Muscular Augments  
  143  16:03  Ravager  
  144  16:14  Drone x6  
  150  16:24  Ravager x3  
  100  16:51  Roach x13  
  116  16:57  Roach Warren  
  107  17:18  Zergling x6  
  107  17:19  Zergling x2  
  107  17:21  Mutalisk x2  
  115  17:28  Mutalisk x3  
  121  17:33  Lair  
  121  17:42  Hatchery  
  106  18:04  Mutalisk  
  106  18:05  Mutalisk x6  
  116  18:08  Roach x5  
  128  18:29  Roach x5  
  128  18:32  Ravager x3  
  141  18:39  Roach x3  
  121  18:54  Roach  
  121  18:55  Roach x7  
  117  19:08  Roach x18  
  153  19:11  Roach x2  
  147  19:37  Infestation Pit  
  146  19:40  Drone x6  
  150  19:54  Extractor  
  150  19:56  Extractor  
  140  20:09  Lurker Den  
  140  20:12  Roach  
  140  20:13  Roach x9  
  160  20:16  Ravager  
  160  20:18  Ravager x2  
  160  20:19  Ravager  
  105  20:45  Infestor x4  
  105  20:46  Infestor  
  109  20:50  Hydralisk x3  
  109  20:51  Roach x7  
  109  20:54  Queen x2  
  133  21:10  Hatchery  
  132  21:16  Overlord  
  130  21:29  Corruptor x6  
  140  21:37  Lurker  
  140  21:38  Lurker x2  
  143  21:40  Corruptor x2  
  143  21:45  Spawning Pool  
  146  21:55  Hydralisk x2  
  146  21:56  Hydralisk x5  
Tags
 
Add a new tag
Caveats
  • Supply blocks, unpowered buildings, or Contaminate may cause inaccurate times.
  • Supply counts are checked every 10 seconds.